 Dungeon Crawl Stone Soup version 0.29.1-15-g9cfb28693d (webtiles) character file.

Game seed: 10928424924277831463

292 Peloso the Covered (level 6, -3/53 HPs)
             Began as a Minotaur Fighter on Mar 21, 2023.
             Slain by a gnoll
             ... wielding a +0 halberd
              (9 damage)
             ... on level 4 of the Dungeon.
             The game lasted 00:07:44 (3760 turns).

Peloso the Covered (Minotaur Fighter)               Turns: 3760, Time: 00:07:44

Health: -3/53      AC:  9    Str: 21    XL:     6   Next: 10%
Magic:  5/5        EV:  7    Int:  5    God:
Gold:   206        SH:  5    Dex: 11    Spells: 5/5 levels left

rFire   . . .      SeeInvis .   a - +0 long sword
rCold   . . .      Faith    .   g - +0 buckler
rNeg    . . .      Spirit   .   d - +0 chain mail
rPois   .          Reflect  .   (helmet restricted)
rElec   .          Harm     .   (no cloak)
rCorr   .          Rampage  .   (no gloves)
Will    .....                   (no boots)
Stlth   ..........              (no amulet)
HPRegen 0.17/turn               (no ring)
MPRegen 0.09/turn               (no ring)

@: no status effects
A: horns 2, retaliatory headbutt
a: no special abilities


You were on level 4 of the Dungeon.
You visited 1 branch of the dungeon, and saw 4 of its levels.

You collected 206 gold pieces.

Inventory:

Hand Weapons
 a - a +0 long sword (weapon)
 c - a +0 short sword of protection
Armour
 b - a +0 scale mail
 d - a +0 chain mail (worn)
 g - a +0 buckler (worn)
Jewellery
 m - a ring of magical power
Wands
 q - a wand of roots (6)
Scrolls
 f - a scroll of brand weapon {unknown}
 h - 2 scrolls of teleportation {unknown}
 i - 4 scrolls of poison
 j - a scroll of summoning {unknown}
 k - 2 scrolls of noise {unknown}
 n - a scroll of enchant weapon {unknown}
 p - 3 scrolls of amnesia {unknown}
 r - a scroll of enchant armour {unknown}
 w - a scroll of magic mapping {unknown}
 x - a scroll of immolation {unknown}
 y - a scroll of identify
 z - a scroll of butterflies {unknown}
Potions
 e - a potion of might
 l - 2 potions of heal wounds
 o - a potion of brilliance
 s - a potion of flight {unknown}
 t - a potion of resistance {unknown}
 u - a potion of degeneration {unknown}
 v - 3 potions of curing


   Skills:
 + Level 4.4 Fighting
 + Level 4.9 Long Blades
 + Level 5.2 Armour
 + Level 1.0 Dodging
 + Level 0.4 Stealth
 + Level 5.0 Shields


You had 5 spell levels left.
You didn't know any spells.
Your spell library contained the following spells:

 Spells                   Type           Power      Damage    Failure   Level
 Blink                    Tloc           0%         N/A       100%        2
 Stone Arrow              Conj/Erth      0%         3d7       100%        3
 Animate Armour           Summ/Erth      0%         N/A       100%        4
 Manifold Assault         Tloc           0%         N/A       100%        5
 Storm Form               Tmut/Air       0%         N/A       100%        7
 Lehudib's Crystal Spear  Conj/Erth      0%         10d2      100%        8


Dungeon Overview and Level Annotations

Branches:
Dungeon (4/15)
 Temple: D:4-7

Altars:

Shops:
D:1 =

Annotations:
D:4 Robin


Innate Abilities, Weirdness & Mutations

You have a pair of horns on your head.
You reflexively headbutt those who attack you in melee.


Message History

Robin throws the goblin at you!
Unknown command.
A gnoll comes into view. It is wielding a +0 whip.
The gnoll hits you but does no damage. Robin hits you but does no damage.
Items here: ))) ††.
The gnoll shouts!
You hit Robin.
Robin is moderately wounded.
The goblin barely misses you. You block the gnoll's attack.
Robin hits you but does no damage.
Unknown command.
You hit Robin but do no damage.
Robin is lightly wounded.
A gnoll comes into view. It is wielding a +0 flail.
The goblin hits you with a +0 dagger. You block the gnoll's attack.
Robin hits you but does no damage. x2; The gnoll hits you but does no damage.
You block the goblin's attack.
The gnoll shouts!
You hit Robin but do no damage.
Robin is lightly wounded.
The gnoll hits you with a +0 halberd!
* * * LOW HITPOINT WARNING * * *
Robin hits you but does no damage. The goblin hits you but does no damage.
You completely miss Robin. You headbutt Robin.
Robin is heavily wounded.
You block the gnoll's attack.
Robin says, "A pitiful Minotaur like you will never find the ORB!"
You block Robin's attack. The goblin completely misses you.
You furiously retaliate!
You headbutt the goblin!
You kill the goblin!
You hit Robin.
Robin is almost dead.
The gnoll hits you with a +0 halberd!
* * * LOW HITPOINT WARNING * * *
Robin hits you but does no damage.
Unknown command.
You barely miss Robin.
Robin is almost dead.
The gnoll hits you with a +0 halberd!
You die...

# #.#.#
#. #.#.#
###
#..#.#.#
.....
#..#.#[##
#####
......
#...#
#.g###
#.ggg#
#)##@#
#.##)#
#.##)#
#.##.#
#.##.#
#.##.#
#.##.#
###
#.##.#
#..
#.##.#
#.#


You could see Robin and 3 gnolls.

Vanquished Creatures
  A sky beast (D:4)
  Jessica (D:2)
  8 adders
  A worm (D:4)
  A dart slug (D:1)
  An orc (D:3)
  8 bats
  2 endoplasms
  2 giant cockroaches
  7 hobgoblins
  6 jackals
  2 quokkas
  17 ball pythons
  5 frilled lizards
  17 goblins
  13 kobolds
  3 rats
95 creatures vanquished.

Vanquished Creatures (others)
  7 plants (D:1)
7 creatures vanquished.

Grand Total: 102 creatures vanquished

Notes
Turn   | Place    | Note
-------+----------+-------------------------------------------
     0 | D:1      | Peloso the Minotaur Fighter began the quest for the Orb.
     0 | D:1      | Reached XP level 1. HP: 19/19 MP: 0/0
   199 | D:1      | Reached XP level 2. HP: 24/27 MP: 1/1
   334 | D:1      | Found Paxemump's Jewellery Emporium.
   873 | D:1      | Reached XP level 3. HP: 32/33 MP: 2/2
   932 | D:1      | Found a faded altar of an unknown god.
  1154 | D:2      | Identified the +1 robe of the Peculiar Youths {Int+2
                  | Stlth+}
  1377 | D:2      | Noticed Jessica
  1383 | D:2      | Killed Jessica
  1384 | D:2      | Reached XP level 4. HP: 22/40 MP: 3/3
  2953 | D:3      | Reached XP level 5. HP: 46/46 MP: 4/4
  3492 | D:4      | Noticed a sky beast
  3509 | D:4      | Killed a sky beast
  3510 | D:4      | Reached skill level 5 in Armour
  3674 | D:4      | Reached XP level 6. HP: 53/53 MP: 5/5
  3678 | D:4      | Reached skill level 5 in Shields
  3727 | D:4      | Noticed Robin
  3749 | D:4      | Reached skill level 1 in Dodging
  3760 | D:4      | Slain by a gnoll

Illustrated notes

Levels and vault maps discovered:
D:1:      lightli_arrival_maybe_door_vault, layout_rooms,
          dilly_ecumenical_altar_fadedgnrine, serial_shops, shop_statue,
          minmay_misc_feat_secret_circle, minmay_unequal
D:2:      layout_basic, minmay_snake_closets, uniq_jessica
D:3:      kennysheep_big_flooded_room, layout_basic, minmay_goblin_kobold_house
D:4:      layout_loops_ring, amcnicky_altar_gilded,
          nicolae_overflow_hidden_temple, sigmund_army, uniq_robin

Skill      XL: |  1  2  3  4  5  6 |
---------------+-------------------+-----
Shields        | 4 5 |  5.0
Fighting       | 4 |  4.4
Armour         | 4 5 |  5.2
Long Blades    | 3 4 |  4.9
Dodging        | 1 |  1.0
Stealth        | |  0.4

Action                   |  1- 3 |  4- 6 || total
-------------------------+-------+-------++-------
Melee: Long sword        |    76 |   150 ||   226
       Headbutt          |    18 |    18 ||    36
  Use: Potion            |     1 |       ||     1
       Scroll            |       |     4 ||     4
Armor: Scale mail        |    43 |    23 ||    66
       Skin              |     3 |       ||     3
       Chain mail        |       |    91 ||    91
Dodge: Dodged            |    46 |    60 ||   106
Block: Buckler           |    16 |    51 ||    67
